AoeStats
← Dr Death Mic

Fortress

510052465Analyzed
4v4 RM · 2d ago on Sep 29, 2026· 71m 51s· 8 players
Game mode
Random Map
Map size
Huge
Population
200
Speed
Normal
Resources
Standard
Victory
Conquest
Starting age
Dark Age
Ending age
Imperial Age
RankedLock teamsTeams togetherTeam positionsShared explorationLock speedFull tech treeHidden civsTurbo modeCheats
Victory
Defeat
🇩🇪 Japanese · Germany
1201
+13
🇬🇧 Spanish · United Kingdom
1116
+17
🇦🇺 Hindustanis · Australia
1087
+18
🇲🇽 Persians · Mexico
1080
+18
🇺🇸 Khmer · United States
1199
-18
🇹🇼 Turks · Taiwan
1142
-17
1120
-16
🇨🇳 Saxons · China
1088
-15
希望大陸人有素質一點
4:47 Loom
7:53 Feudal Age
8:20 Double-Bit Axe
14:20 Castle Age
13:09 Horse Collar
13:21 Gold Mining
13:27 Fletching
14:27 Crossbowman
19:33 Wheelbarrow
21:48 Yeomen
22:24 Bodkin Arrow
22:30 Padded Archer Armor
24:56 Hand Cart
26:17 Squires
27:00 Bow Saw
30:24 Imperial Age
28:33 Leather Archer Armor
30:33 Arbalester
31:36 Ballistics
32:17 Chemistry
31:43 Conscription
32:33 Bracer
33:03 Ring Archer Armor
33:34 Heavy Plow
58:22 Two-Man Saw
58:07 Caravan
mydogqmi
7:12 Feudal Age
11:24 Castle Age
9:36 Double-Bit Axe
10:28 Horse Collar
13:06 Loom
18:19 Wheelbarrow
17:30 Town Watch
19:01 Heavy Plow
19:29 Bow Saw
19:32 Fletching
24:41 Hand Cart
30:47 Imperial Age
28:31 Padded Archer Armor
29:28 Thumb Ring
29:57 Leather Archer Armor
29:38 Bodkin Arrow
29:55 Gold Mining
31:45 Gold Shaft Mining
31:00 Stone Mining
32:18 Ballistics
31:54 Murder Holes
32:23 Bracer
33:24 Ring Archer Armor
33:48 Heavy Cavalry Archer
34:53 Parthian Tactics
35:56 Two-Man Saw
35:56 Conscription
35:57 Sipahi
36:43 Artillery
37:12 Town Patrol
37:26 Forging
37:22 Scale Barding Armor
37:05 Arrowslits
37:31 Masonry
39:05 Iron Casting
39:06 Husbandry
40:49 Bloodlines
44:35 Guilds
45:39 Blast Furnace
45:00 Chain Barding Armor
49:32 Caravan
57:16 Plate Barding Armor
60:43 Treadmill Crane
ledoanh96
3:07 Loom
9:10 Feudal Age
12:46 Castle Age
11:28 Double-Bit Axe
13:22 Wheelbarrow
14:04 Horse Collar
14:37 Stone Mining
19:10 Bow Saw
20:29 Heavy Plow
21:34 Hand Cart
26:35 Imperial Age
24:29 Scale Barding Armor
26:50 Bloodlines
26:41 Husbandry
27:03 Chain Barding Armor
27:12 Masonry
27:18 Fortified Wall
27:20 Double Crossbow
27:45 Conscription
29:08 Plate Barding Armor
28:29 Elite Ballista Elephant
30:53 Chemistry
30:02 Gold Mining
30:44 Town Watch
30:53 Fletching
31:50 Bodkin Arrow
33:26 Gold Shaft Mining
33:04 Bracer
34:27 Coinage
34:59 Ballistics
34:48 Siege Engineers
35:48 Town Patrol
36:15 Forging
37:35 Banking
37:07 Caravan
38:42 Iron Casting
37:38 Light Cavalry
42:28 Hussar
46:54 Blast Furnace
365185124
8:24 Feudal Age
9:28 Double-Bit Axe
9:27 Horse Collar
12:42 Castle Age
11:18 Gold Mining
11:31 Scale Mail Armor
11:51 Forging
11:33 Arson
16:33 Bow Saw
18:00 Heavy Plow
19:07 Wheelbarrow
22:26 Imperial Age
21:09 Chain Mail Armor
21:30 Iron Casting
21:46 Gold Shaft Mining
22:53 Iron Casting
24:29 Plate Mail Armor
23:51 Fletching
23:36 Crossbowman
25:13 Crop Rotation
26:10 Two-Man Saw
26:01 Bodkin Arrow
26:38 Hand Cart
26:09 Loom
26:58 Bracer
27:33 Padded Archer Armor
27:57 Conscription
28:53 Leather Archer Armor
28:06 Elite Skirmisher
29:07 Shield Wall
30:24 Ring Archer Armor
30:03 Thumb Ring
29:21 Pikeman
30:52 Stone Mining
30:28 Halberdier
31:11 Squires
31:33 Elite Hearth Troop
33:55 Block Printing
34:24 Clerical Recruitment
40:50 Theocracy
46:34 Chemistry
45:55 Ballistics
46:44 Town Watch
47:37 Treadmill Crane
48:03 Siege Engineers
49:40 Sanctity
49:48 Illumination
50:21 Masonry
55:23 Fortified Wall
57:35 Architecture
59:07 Arbalester
62:44 Capped Ram
63:58 Siege Ram
69:23 Scale Barding Armor
70:10 Light Cavalry
72:03 Chain Barding Armor
Dr Death Mic
0:53 Loom
3:36 Loom
6:30 Feudal Age
6:56 Double-Bit Axe
6:53 Horse Collar
14:08 Castle Age
12:18 Gold Mining
14:18 Wheelbarrow
13:29 Town Watch
15:01 Heavy Plow
21:50 Bow Saw
22:48 Gold Shaft Mining
27:08 Imperial Age
24:51 Scale Barding Armor
25:34 Stone Mining
25:59 Bloodlines
25:50 Husbandry
26:04 Forging
26:55 Chain Barding Armor
26:49 Cavalier
27:55 Conscription
28:39 Iron Casting
28:24 Hand Cart
29:35 Two-Man Saw
29:51 Plate Barding Armor
31:18 Blast Furnace
31:13 Crop Rotation
30:48 Town Patrol
32:42 Stone Shaft Mining
32:16 Fletching
32:27 Padded Archer Armor
31:52 Elite War Elephant
32:52 Devotion
36:49 Faith
36:32 Bodkin Arrow
36:53 Leather Archer Armor
37:11 Savar
38:57 Chemistry
38:18 Ballistics
64:02 Masonry
leppard
8:02 Feudal Age
9:28 Loom
12:04 Castle Age
10:28 Double-Bit Axe
10:28 Horse Collar
13:21 Padded Archer Armor
21:40 Bow Saw
22:51 Loom
26:17 Wheelbarrow
26:22 Leather Archer Armor
26:12 Scale Barding Armor
27:06 Husbandry
27:16 Bloodlines
27:27 Gold Mining
34:42 Imperial Age
35:52 Chain Barding Armor
35:43 Forging
35:02 Cavalier
36:52 Hand Cart
37:35 Light Cavalry
40:40 Plate Barding Armor
chromies
7:58 Feudal Age
8:47 Double-Bit Axe
8:50 Horse Collar
10:06 Wheelbarrow
13:50 Castle Age
15:21 Heavy Plow
22:36 Imperial Age
21:18 Padded Archer Armor
21:08 Fletching
21:16 Loom
23:26 Bow Saw
24:41 Conscription
27:23 Grand Trunk Road
27:46 Leather Archer Armor
27:26 Bodkin Arrow
27:35 Scale Mail Armor
27:45 Forging
28:41 Elite Ghulam
28:47 Elite Ghulam
30:02 Iron Casting
29:42 Chain Mail Armor
33:04 Blast Furnace
33:42 Ballistics
34:22 Chemistry
33:33 Masonry
34:09 Hand Cart
33:41 Town Watch
34:48 Town Patrol
36:38 Squires
36:23 Arson
36:53 Caravan
37:09 Shatagni
42:07 Siege Engineers
42:00 Bodkin Arrow
42:20 Leather Archer Armor
46:07 Bracer
46:37 Ring Archer Armor
47:42 Hoardings
49:43 Thumb Ring
48:59 Elite Skirmisher
49:06 Elite Skirmisher
54:30 Ring Archer Armor
54:14 Fortified Wall
59:36 Two-Man Saw
Reissdorf Ralle
7:35 Feudal Age
11:47 Castle Age
10:37 Double-Bit Axe
10:42 Horse Collar
13:38 Wheelbarrow
13:14 Bow Saw
13:18 Heavy Plow
15:22 Gold Mining
17:56 Loom
19:03 Town Watch
19:57 Padded Archer Armor
19:47 Fletching
19:58 Fletching
21:20 Crossbowman
22:38 Leather Archer Armor
22:19 Bodkin Arrow
22:42 Bodkin Arrow
23:17 Hand Cart
22:29 Elite Skirmisher
23:19 Thumb Ring
24:26 Ballistics
24:52 Town Patrol
28:49 Imperial Age
28:49 Gold Shaft Mining
28:45 Treadmill Crane
29:18 Masonry
28:55 Arbalester
30:06 Bracer
31:10 Chemistry
30:44 Parthian Tactics
31:09 Ring Archer Armor
32:07 Conscription
34:48 Kataparuto
38:36 Elite Samurai
39:17 Scale Mail Armor
39:28 Forging
39:31 Treadmill Crane
40:57 Two-Man Saw
42:28 Chain Mail Armor
42:48 Iron Casting
45:25 Stone Mining
47:03 Blast Furnace
46:34 Plate Mail Armor
48:39 Caravan
52:09 Pikeman
52:50 Squires
54:44 Halberdier
56:06 Plate Mail Armor
67:33 Hoardings
Connection lost

Rejoining the realm…

Still unreachable

The connection could not be restored.

Session expired

The server has moved on; the page needs a fresh start.